 Dungeon Crawl Stone Soup version 0.29-a0-753-gb7bb9d756e (console) character file.

Game seed: 4563561439147050818

18 Banquo the Firebug (level 2, -1/17 HPs)
             Began as an Octopode Fire Elementalist on June 30, 2022.
             Slain by a ball python (3 damage)
             ... on level 2 of the Dungeon.
             The game lasted 00:03:22 (1012 turns).

Banquo the Firebug (Octopode Fire Elementalist)     Turns: 1012, Time: 00:03:22

Health: -1/17      AC:  1    Str:  7    XL:     2   Next: 66%
Magic:  0/5        EV: 10    Int: 17    God:
Gold:   51         SH:  0    Dex: 12    Spells: 2/5 levels left

rFire   . . .      SeeInvis .   (no weapon)
rCold   . . .      Faith    .   (no shield)
rNeg    . . .      Spirit   .   (helmet restricted)
rPois   .          Reflect  .   (no amulet)
rElec   .          Harm     .   (no ring)
rCorr   .          Rampage  .   (no ring)
Will    .....                   (no ring)
Stlth   +++.......              (no ring)
HPRegen 0.05/turn               (no ring)
MPRegen 0.09/turn               (no ring)
                                (no ring)
                                (no ring)

@: constricted
A: almost no armour, amphibious, 8 rings, camouflage 1, gelatinous body 1,
(nimble swimmer 1), tentacles
a: no special abilities


You were on level 2 of the Dungeon.
You visited 1 branch of the dungeon, and saw 2 of its levels.

You collected 51 gold pieces.

Inventory:

Hand Weapons
 d - a +0 club
 f - a +0 spear
 g - a +0 whip
 i - a +0 dagger
Missiles
 h - 18 stones
Scrolls
 c - a scroll of identify {unknown}
 e - a scroll of blinking {unknown}
Potions
 a - a potion of magic
 b - 2 potions of attraction {unknown}


   Skills:
 + Level 2.0 Dodging
 + Level 2.7 Stealth
 + Level 2.1 Spellcasting
 * Level 1.8 Conjurations
 * Level 3.3 Fire Magic


You had 2 spell levels left.
You knew the following spells:

 Your Spells              Type           Power      Damage    Failure   Level
a - Foxfire               Conj/Fire      40%        2x1d6     7%          1
z - Scorch                Fire           26%        2d6       8%          2

Your spell library contained the following spells:

 Spells                   Type           Power      Damage    Failure   Level
 Conjure Flame            Conj/Fire      10%        6-21      21%         3
 Inner Flame              Hex/Fire       7%         N/A       28%         3
 Flame Wave               Conj/Fire      10%        2d5       54%         4


Dungeon Overview and Level Annotations

Branches:
Dungeon (2/15)

Altars:


Innate Abilities, Weirdness & Mutations

You cannot wear most types of armour.
You are amphibious.
You can wear up to eight rings at the same time.
Your skin changes colour to match your surroundings (Stealth+).
Your rubbery body absorbs attacks. (AC +1, EV +1)
((You are camouflaged when in or above water. (Stealth+)))
You have tentacles for arms and can constrict up to eight enemies at once.


Message History

There is an escape hatch in the floor here.
There is a stone staircase leading up here.
You climb upwards.
There is a stone staircase leading down here.
There is an open door here.
There is an open door here.
There is an open door here.
There is a stone staircase leading down here.
You climb downwards.
The endoplasm quivers.
The ball python bites you. The ball python grabs you.
The ball python constricts you. The ball python barely misses you.
The ball python constricts you. The endoplasm hits you.
There is a stone staircase leading up here.
You escape the ball python's grasp.
The endoplasm hits you but does no damage.
The ball python bites you. The ball python grabs you.
You stop ascending the stairs.
The ball python constricts you.
Unknown command.
Casting: Scorch (safe; 8% risk of failure)
Press: ? - help, Q - select action, (/) - cycle Dir - look around, f - activate Flames lash the ball python.
The ball python is severely wounded.
The ball python's fire resistance burns away.
The ball python hisses angrily.
The ball python closely misses you. The ball python constricts you.
The endoplasm barely misses you. The ball python barely misses you.
Casting: Scorch (safe; 8% risk of failure)
Press: ? - help, Q - select action, (/) - cycle Dir - look around, f - activate Flames lash the ball python.
You kill the ball python!
The ball python bites you. The ball python constricts you.
* * * LOW HITPOINT WARNING * * *
The endoplasm hits you.
* * * LOW HITPOINT WARNING * * *
Unknown command.
Casting: Scorch (safe; 8% risk of failure)
Confirm with . or Enter, or press ? or * to list all spells.
You conjure some foxfire!
The ball python bites you.
You die...

### . ###.. ...
#.####...##.>#
#......v.....#.
......†@.......
#.....vJS......
#.####...##....
#.... ...
#...## # #...#
### ##.## ..#
#!# #.#


You could see an endoplasm (ally target) and a ball python (combustible).

Vanquished Creatures
  A bat (D:1)
  3 endoplasms
  2 goblins (D:1)
  A hobgoblin (D:1)
  4 kobolds (D:1)
  2 ball pythons
  2 frilled lizards (D:1)
  2 rats (D:1)
17 creatures vanquished.

Vanquished Creatures (others)
  21 foxfires (D:1)
21 creatures vanquished.

Grand Total: 38 creatures vanquished

Notes
Turn   | Place    | Note
-------+----------+-------------------------------------------
     0 | D:1      | Banquo the Octopode Fire Elementalist began the quest for
                  | the Orb.
     0 | D:1      | Reached XP level 1. HP: 11/11 MP: 3/3
   234 | D:1      | Reached XP level 2. HP: 17/17 MP: 0/5
   243 | D:1      | Learned a level 2 spell: Scorch
  1012 | D:2      | Slain by a ball python

Illustrated notes

Levels and vault maps discovered:
D:1:      dreamdust_arrival_sigmund_warning, layout_basic
D:2:      kennysheep_big_flooded_room, layout_loops_cross,
          ebering_ecumenical_altar_mist, basic_altar

Action                   || total
-------------------------++-------
 Cast: Foxfire           ||    15
       Scorch            ||     7
Armor: Skin              ||     2
Dodge: Dodged            ||     7

Table legend: (Time is in decaauts)
 A = Elapsed time spent in this place.
 B = Non-inter-level travel time spent in this place.
 C = Inter-level travel time spent in this place.
 D = Time resting spent in this place.
 E = Time spent auto-exploring this place.
 F = Levels seen in this place.
 G = Mean time per level.
                   A        B        C        D        E       F      G
               +--------+--------+--------+--------+--------+-----+--------+
         Total |   1014 |    859 |    155 |    115 |    604 |   2 |  507.0 |
       Dungeon |   1014 |    859 |    155 |    115 |    604 |   2 |  507.0 |
               +--------+--------+--------+--------+--------+-----+--------+

Top non-repeatable levels by time:
     D:1: 994 daAuts
     D:2: 20 daAuts
